TOP OF THE 1ST |
Arkansas Razorbacks batting - Pitching for North Carolina Tar Heels : RHP Tony Rodréques
|
Pitching: RHP Tony Rodréques
|
|
Batting: RHB Domingo Morales
|
0-0: Called Strike 0-1: Ball 1-1: Ground out 5-3 (Groundball, 56S)
|
Batting: RHB Bobby Miles
|
0-0: Ball 1-0: Ball 2-0: Ball 3-0: Base on Balls
|
Batting: LHB Carter Sweet
|
0-0: Called Strike 0-1: Foul Ball, location: 2F 0-2: Ball 1-2: Ball 2-2: Ball 3-2: Foul Ball, location: 2F 3-2: Foul Ball, location: 2F 3-2: Foul Ball, location: 2F 3-2: Base on Balls Bobby Miles to second
|
Batting: RHB Jon Anderson
|
0-0: Ball 1-0: Ball 2-0: Ball 3-0: Called Strike 3-1: Base on Balls Bobby Miles to third Carter Sweet to second
|
Batting: LHB Robert Mann
|
0-0: Ball 1-0: SINGLE (Line Drive, 56) Bobby Miles scores Carter Sweet to third Jon Anderson to second Runner from 3rd tries for Home, SAFE, throw made home
|
Batting: RHB Cipriano Vega
|
0-0: Ball 1-0: Ball 2-0: Called Strike 2-1: Swinging Strike 2-2: Ball 3-2: Strikes out looking
|
Batting: RHB John Gauthier
|
0-0: Foul Ball, location: 2F 0-1: Ball 1-1: Called Strike 1-2: Foul Ball, location: 2F 1-2: Strikes out swinging
|
Top of the 1st over - 2 run(s), 1 hit(s), 0 error(s), 2 left on base; Arkansas 2 - North Carolina 0 |
BOTTOM OF THE 1ST |
North Carolina Tar Heels batting - Pitching for Arkansas Razorbacks : LHP Henry Pacheco
|
Pitching: LHP Henry Pacheco
|
|
Batting: RHB Neal Foster
|
0-0: Ball 1-0: Ball 2-0: Called Strike 2-1: Swinging Strike 2-2: Ball 3-2: Strikes out swinging
|
Batting: RHB Tom Hogan
|
0-0: SOLO HOME RUN (Flyball, 89XD), Distance : 365 ft
|
Batting: LHB José Morales
|
0-0: Called Strike 0-1: Swinging Strike 0-2: Ball 1-2: Foul Ball, location: 2F 1-2: SINGLE (Line Drive, 6D)
|
Batting: RHB Derek Scott
|
0-0: Called Strike 0-1: Ball 1-1: Ball 2-1: Fly out, F9 (Line Drive, 9S)
|
Batting: LHB Will Robinson
|
0-0: Swinging Strike 0-1: Ball 1-1: Fly out, F6 (Line Drive, 6)
|
Bottom of the 1st over - 1 run(s), 2 hit(s), 0 error(s), 1 left on base; Arkansas 2 - North Carolina 1 |
TOP OF THE 2ND |
Arkansas Razorbacks batting - Pitching for North Carolina Tar Heels : RHP Tony Rodréques
|
Batting: SHB Ed Dundee
|
0-0: Ball 1-0: Called Strike 1-1: Called Strike 1-2: Foul Ball, location: 2F 1-2: Strikes out swinging
|
Batting: LHB Edgardo Aguilar
|
0-0: Ball 1-0: Ball 2-0: Called Strike 2-1: SINGLE (Line Drive, 4MD)
|
Batting: RHB Domingo Morales
|
0-0: Called Strike 0-1: Ball 1-1: Fly out, F3 (Line Drive, 3) 1-1: Lined into DP, U3 (Line Drive, 3)
|
Top of the 2nd over - 0 run(s), 1 hit(s), 0 error(s), 0 left on base; Arkansas 2 - North Carolina 1 |
BOTTOM OF THE 2ND |
North Carolina Tar Heels batting - Pitching for Arkansas Razorbacks : LHP Henry Pacheco
|
Batting: SHB Mario Costello
|
0-0: Fly out, F7 (Flyball, 7S)
|
Batting: SHB Rod Good
|
0-0: Called Strike 0-1: Ball 1-1: Fly out, F4 (Popup, 4D)
|
Batting: RHB Phil Johnson
|
0-0: Called Strike 0-1: Ground out 5-3 (Groundball, 56S)
|
Bottom of the 2nd over - 0 run(s), 0 hit(s), 0 error(s), 0 left on base; Arkansas 2 - North Carolina 1 |
TOP OF THE 3RD |
Arkansas Razorbacks batting - Pitching for North Carolina Tar Heels : RHP Tony Rodréques
|
Batting: RHB Bobby Miles
|
0-0: Foul Ball, location: 2F 0-1: Swinging Strike 0-2: Foul Ball, location: 2F 0-2: Fly out, F3 (Popup, 34)
|
Batting: LHB Carter Sweet
|
0-0: Ball 1-0: SINGLE (Line Drive, 89S)
|
Batting: RHB Jon Anderson
|
0-0: TRIPLE (Flyball, 89XD) Carter Sweet scores
|
Batting: LHB Robert Mann
|
0-0: Ground out 4-3 (Groundball, 4) Jon Anderson scores
|
Batting: RHB Cipriano Vega
|
0-0: Ball 1-0: Ball 2-0: Ball 3-0: Base on Balls
|
Batting: RHB John Gauthier
|
0-0: Ball 1-0: Ball 2-0: Foul Ball, location: 2F 2-1: Called Strike 2-2: Foul Ball, location: 2F 2-2: Ball 3-2: Base on Balls Cipriano Vega to second
|
Batting: SHB Ed Dundee
|
0-0: Ball 1-0: Foul Ball, location: 2F 1-1: Ball 2-1: Swinging Strike 2-2: Ball 3-2: Foul Ball, location: 2F 3-2: Ground out U3 (Groundball, 3S)
|
Top of the 3rd over - 2 run(s), 2 hit(s), 0 error(s), 2 left on base; Arkansas 4 - North Carolina 1 |
BOTTOM OF THE 3RD |
North Carolina Tar Heels batting - Pitching for Arkansas Razorbacks : LHP Henry Pacheco
|
Batting: RHB Salvador Silva
|
0-0: Ball 1-0: Ball 2-0: Foul Ball, location: 2F 2-1: Foul Ball, location: 2F 2-2: Foul Ball, location: 2F 2-2: Ball 3-2: Base on Balls
|
Batting: RHB Neal Foster
|
0-0: Called Strike 0-1: Ball 1-1: Called Strike 1-2: Ball 2-2: Fly out, F8 (Flyball, 8RM)
|
Batting: RHB Tom Hogan
|
0-0: Called Strike 0-1: Called Strike 0-2: Ball 1-2: Ball 2-2: Ball 3-2: Base on Balls Salvador Silva to second
|
Batting: LHB José Morales
|
0-0: Ground out 3-1 (Groundball, 34) Salvador Silva to third Tom Hogan to second
|
Batting: RHB Derek Scott
|
0-0: Called Strike 0-1: Foul Ball, location: 2F 0-2: Strikes out swinging
|
Bottom of the 3rd over - 0 run(s), 0 hit(s), 0 error(s), 2 left on base; Arkansas 4 - North Carolina 1 |
TOP OF THE 4TH |
Arkansas Razorbacks batting - Pitching for North Carolina Tar Heels : RHP Tony Rodréques
|
Batting: LHB Edgardo Aguilar
|
0-0: Ball 1-0: Ball 2-0: Fly out, F9 (Flyball, 9M)
|
Batting: RHB Domingo Morales
|
0-0: Ball 1-0: Ball 2-0: SOLO HOME RUN (Flyball, 78XD), Distance : 362 ft
|
Batting: RHB Bobby Miles
|
0-0: Ball 1-0: Called Strike 1-1: Foul Ball, location: 2F 1-2: Ball 2-2: Ball 3-2: Strikes out looking
|
Batting: LHB Carter Sweet
|
0-0: Called Strike 0-1: Ball 1-1: Foul Ball, location: 2F 1-2: Ball 2-2: Ball 3-2: DOUBLE (Line Drive, 9M)
|
Pitching: RHP Chris Ryan
|
|
Batting: RHB Jon Anderson
|
0-0: Swinging Strike Balk! Carter Sweet to third 0-1: Foul Ball, location: 2F 0-2: Foul Ball, location: 2F 0-2: Ball 1-2: Ball 2-2: Ball 3-2: Foul Ball, location: 2F 3-2: Foul Ball, location: 2F 3-2: Base on Balls
|
Batting: LHB Robert Mann
|
0-0: Swinging Strike 0-1: SINGLE (Line Drive, 6M) Carter Sweet scores Jon Anderson to second
|
Batting: RHB Cipriano Vega
|
0-0: Called Strike 0-1: Ball 1-1: Called Strike 1-2: Strikes out swinging
|
Top of the 4th over - 2 run(s), 3 hit(s), 0 error(s), 2 left on base; Arkansas 6 - North Carolina 1 |
BOTTOM OF THE 4TH |
North Carolina Tar Heels batting - Pitching for Arkansas Razorbacks : LHP Henry Pacheco
|
Batting: LHB Will Robinson
|
0-0: Ball 1-0: Ball 2-0: Ground out U3 (Groundball, 3S)
|
Batting: SHB Mario Costello
|
0-0: Called Strike 0-1: Swinging Strike 0-2: Strikes out swinging
|
Batting: SHB Rod Good
|
0-0: Ball 1-0: Swinging Strike 1-1: Ball 2-1: Swinging Strike 2-2: Strikes out swinging
|
Bottom of the 4th over - 0 run(s), 0 hit(s), 0 error(s), 0 left on base; Arkansas 6 - North Carolina 1 |
TOP OF THE 5TH |
Arkansas Razorbacks batting - Pitching for North Carolina Tar Heels : RHP Chris Ryan
|
Batting: RHB John Gauthier
|
0-0: Called Strike 0-1: Foul Ball, location: 2F 0-2: Ball 1-2: Foul Ball, location: 2F 1-2: Ball 2-2: Ball 3-2: Strikes out swinging
|
Batting: SHB Ed Dundee
|
0-0: Called Strike 0-1: Hit by Pitch
|
Batting: LHB Edgardo Aguilar
|
0-0: Ball 1-0: Called Strike 1-1: Ball 2-1: Swinging Strike 2-2: Fly out, F7 (Flyball, 7M)
|
Batting: RHB Domingo Morales
|
0-0: Called Strike 0-1: Called Strike 0-2: Strikes out swinging
|
Top of the 5th over - 0 run(s), 0 hit(s), 0 error(s), 1 left on base; Arkansas 6 - North Carolina 1 |
BOTTOM OF THE 5TH |
North Carolina Tar Heels batting - Pitching for Arkansas Razorbacks : LHP Henry Pacheco
|
Batting: RHB Phil Johnson
|
0-0: Fly out, F6 (Line Drive, 6)
|
Batting: RHB Salvador Silva
|
0-0: Called Strike 0-1: Ground out 4-3 (Groundball, 4M)
|
Batting: RHB Neal Foster
|
0-0: Ball 1-0: Hit by Pitch
|
Batting: RHB Tom Hogan
|
0-0: Ball Neal Foster steals 2nd base 1-0: Ball 2-0: Foul Ball, location: 2F 2-1: Ball 3-1: Base on Balls
|
Batting: LHB José Morales
|
0-0: Ball 1-0: Ball 2-0: Foul Ball, location: 2F 2-1: Ball 3-1: Base on Balls Neal Foster to third Tom Hogan to second
|
Batting: RHB Derek Scott
|
0-0: Ball 1-0: Ball 2-0: Called Strike 2-1: Foul Ball, location: 2F 2-2: Fielders Choice at 2nd, 6-4 (Groundball, 6)
|
Bottom of the 5th over - 0 run(s), 0 hit(s), 0 error(s), 2 left on base; Arkansas 6 - North Carolina 1 |
TOP OF THE 6TH |
Arkansas Razorbacks batting - Pitching for North Carolina Tar Heels : RHP Chris Ryan
|
Batting: RHB Bobby Miles
|
0-0: Ground out 1-3 (Groundball, 13S)
|
Batting: LHB Carter Sweet
|
0-0: Called Strike 0-1: Ball 1-1: Swinging Strike 1-2: Ball 2-2: Foul Ball, location: 2F 2-2: Ground out 4-3 (Groundball, 4)
|
Batting: RHB Jon Anderson
|
0-0: Called Strike 0-1: Fly out, F4 (Popup, 4MD)
|
Top of the 6th over - 0 run(s), 0 hit(s), 0 error(s), 0 left on base; Arkansas 6 - North Carolina 1 |
BOTTOM OF THE 6TH |
North Carolina Tar Heels batting - Pitching for Arkansas Razorbacks : LHP Henry Pacheco
|
Batting: LHB Will Robinson
|
0-0: Called Strike 0-1: Foul Ball, location: 2F 0-2: Foul Ball, location: 2F 0-2: Foul Ball, location: 2F 0-2: Fly out, F2 (Popup, 2LF)
|
Pitching: RHP Jorge Santana
|
|
Batting: SHB Mario Costello
|
0-0: Swinging Strike 0-1: Foul Ball, location: 2F 0-2: Foul Ball, location: 2F 0-2: Ball 1-2: Foul Ball, location: 2F 1-2: Ball 2-2: Strikes out looking
|
Batting: SHB Rod Good
|
0-0: Swinging Strike 0-1: Ball 1-1: Ground out 4-3 (Groundball, 4)
|
Bottom of the 6th over - 0 run(s), 0 hit(s), 0 error(s), 0 left on base; Arkansas 6 - North Carolina 1 |
TOP OF THE 7TH |
Arkansas Razorbacks batting - Pitching for North Carolina Tar Heels : RHP Chris Ryan
|
Pitching: RHP Marvin Dixon
|
|
Batting: LHB Robert Mann
|
0-0: Ball 1-0: Ball 2-0: SOLO HOME RUN (Flyball, 8RXD), Distance : 399 ft
|
Batting: RHB Cipriano Vega
|
0-0: SINGLE (Groundball, 6MD)
|
Batting: RHB John Gauthier
|
0-0: Ball 1-0: Sac Bunt - play at first, batter safe! Cipriano Vega to second
|
Batting: SHB Ed Dundee
|
0-0: Called Strike 0-1: Ball 1-1: Sac Bunt - play at first, batter OUT! 1-3 Cipriano Vega to third John Gauthier to second
|
Batting: LHB Edgardo Aguilar
|
0-0: Ball 1-0: Ball 2-0: Called Strike 2-1: Called Strike 2-2: Strikes out swinging
|
Batting: RHB Domingo Morales
|
0-0: Swinging Strike 0-1: Fly out, F9 (Flyball, 9S)
|
Top of the 7th over - 1 run(s), 3 hit(s), 0 error(s), 2 left on base; Arkansas 7 - North Carolina 1 |
BOTTOM OF THE 7TH |
North Carolina Tar Heels batting - Pitching for Arkansas Razorbacks : RHP Jorge Santana
|
Batting: RHB Phil Johnson
|
0-0: Ball 1-0: Ground out 5-3 (Groundball, 56)
|
Batting: RHB Salvador Silva
|
0-0: Ball 1-0: Swinging Strike 1-1: Ball 2-1: SINGLE (Line Drive, 3L)
|
Batting: RHB Neal Foster
|
0-0: Ball 1-0: Fielders Choice at 2nd, 4-6 (Groundball, 4)
|
Batting: RHB Tom Hogan
|
0-0: Ball Neal Foster is caught stealing 2nd base
|
Bottom of the 7th over - 0 run(s), 1 hit(s), 0 error(s), 0 left on base; Arkansas 7 - North Carolina 1 |
TOP OF THE 8TH |
Arkansas Razorbacks batting - Pitching for North Carolina Tar Heels : RHP Marvin Dixon
|
Batting: RHB Bobby Miles
|
0-0: Swinging Strike 0-1: Foul Ball, location: 2F 0-2: Strikes out swinging
|
Batting: LHB Carter Sweet
|
0-0: Called Strike 0-1: Ball 1-1: Foul Ball, location: 2F 1-2: Ball 2-2: SOLO HOME RUN (Flyball, 9D), Distance : 347 ft
|
Batting: RHB Jon Anderson
|
0-0: Ball 1-0: Foul Ball, location: 2F 1-1: Swinging Strike 1-2: Strikes out swinging, 2-3 out at first.
|
Batting: LHB Robert Mann
|
0-0: Called Strike 0-1: Ball 1-1: Swinging Strike 1-2: Ball 2-2: SINGLE (Groundball, 34D)
|
Batting: RHB Cipriano Vega
|
0-0: Called Strike 0-1: Ground out 4-3 (Groundball, 4)
|
Top of the 8th over - 1 run(s), 2 hit(s), 0 error(s), 1 left on base; Arkansas 8 - North Carolina 1 |
BOTTOM OF THE 8TH |
North Carolina Tar Heels batting - Pitching for Arkansas Razorbacks : RHP Jorge Santana
|
Now in CF: Heath O'Keerwin
|
|
Batting: RHB Tom Hogan
|
0-0: Ball 1-0: Ball 2-0: Called Strike 2-1: Ball 3-1: Base on Balls
|
Batting: LHB José Morales
|
0-0: Ball 1-0: Called Strike 1-1: Ball 2-1: Ball 3-1: Base on Balls Tom Hogan to second
|
Batting: RHB Derek Scott
|
0-0: Ball 1-0: Ball 2-0: Foul Ball, location: 2F 2-1: Ball 3-1: Fielders Choice at 2nd, 6-4 (Groundball, 6M) Tom Hogan to third
|
Pitching: LHP Arnie Smeddon
|
|
Batting: LHB Will Robinson
|
0-0: Fly out, F8 (Line Drive, 8LM) Runner from 3rd tags up, SCORES, throw made
|
Batting: SHB Mario Costello
|
0-0: Swinging Strike 0-1: Ball 1-1: Fly out, F3 (Popup, 3F)
|
Bottom of the 8th over - 1 run(s), 0 hit(s), 0 error(s), 1 left on base; Arkansas 8 - North Carolina 2 |
TOP OF THE 9TH |
Arkansas Razorbacks batting - Pitching for North Carolina Tar Heels : RHP Marvin Dixon
|
Batting: RHB John Gauthier
|
0-0: Ball 1-0: Swinging Strike 1-1: Ball 2-1: Swinging Strike 2-2: Strikes out swinging
|
Pitching: RHP Broderick Miller
|
|
Batting: SHB Ed Dundee
|
0-0: Called Strike 0-1: Foul Ball, location: 2F 0-2: Foul Ball, location: 2F 0-2: Strikes out swinging
|
Batting: LHB Edgardo Aguilar
|
0-0: Swinging Strike 0-1: Ball 1-1: Foul Ball, location: 2F 1-2: Ball 2-2: Ball 3-2: Base on Balls
|
Batting: RHB Domingo Morales
|
0-0: Swinging Strike 0-1: Swinging Strike 0-2: Ball 1-2: Reached on error, E6 (Groundball, 6) Edgardo Aguilar to second
|
Batting: RHB Bobby Miles
|
0-0: Foul Ball, location: 2F 0-1: Ball 1-1: Swinging Strike 1-2: Strikes out swinging
|
Top of the 9th over - 0 run(s), 0 hit(s), 1 error(s), 2 left on base; Arkansas 8 - North Carolina 2 |
BOTTOM OF THE 9TH |
North Carolina Tar Heels batting - Pitching for Arkansas Razorbacks : LHP Arnie Smeddon
|
Batting: SHB Rod Good
|
0-0: Called Strike 0-1: Ball 1-1: Foul Ball, location: 2F 1-2: Foul Ball, location: 2F 1-2: Fly out, F5 (Line Drive, 56)
|
Batting: RHB Phil Johnson
|
0-0: Ground out 6-3 (Groundball, 56)
|
Batting: RHB Salvador Silva
|
0-0: Foul Ball, location: 2F 0-1: Swinging Strike 0-2: Ball 1-2: Strikes out swinging
|
Bottom of the 9th over - 0 run(s), 0 hit(s), 0 error(s), 0 left on base; Arkansas 8 - North Carolina 2 |
|